 Dungeon Sprint DCSS version 0.31-a0-1597-ge7908ec95f (webtiles) character file.

Game seed: 8411789679820914804

1589 Conn the Thaumaturge (level 8, -2/46 HPs)
             Began as an Octopode Fire Elementalist on Jan 7, 2024.
             Was a Follower of Sif Muna.
             Slain by a hornet (12 damage)
             ... in the Dungeon (Sprint II: "The Violet Keep of Menkaure").
             The game lasted 00:05:18 (368 turns).

Conn the Thaumaturge (Octopode Fire Elementalist)    Turns: 368, Time: 00:05:18

Health: -2/46      AC:  1    Str:  7    XL:     8   Next: 92%
Magic:  7/22       EV: 16    Int: 19    God:    Sif Muna [*.....]
Gold:   459        SH:  0    Dex: 13    Spells: 17/27 levels left

rFire   . .          .
                       - Unarmed
rCold   . . .        (no shield)
rNeg    . . .        (helmet restricted)
rPois   .            (no amulet)
rElec   .            (no ring)
rCorr   .            (no ring)
SInv    .            (no ring)
Will    .....        (no ring)
Stlth   +++++        (no ring)
HPRegen 0.27/turn    (no ring)
MPRegen 0.18/turn    (no ring)
                     (no ring)

%: no teleportation
@: slowed, very slow
A: almost no armour, amphibious, 8 rings, camouflage 1, gelatinous body 1,
nimble swimmer 1, tentacles
a: Renounce Religion, Channel Magic


You were in the Dungeon.
You worshipped Sif Muna.
Sif Muna was aware of your devotion.
You visited 1 branch You collected 459 gold pieces.

Inventory:

Scrolls
 f - a scroll of blinking
Potions
 a - 2 potions of magic


   Skills:
 + Level 8.0 Dodging
 - Level 4.8 Stealth
 - Level 1.2 Unarmed Combat
 * Level 10.2 Spellcasting
 * Level 10.2 Conjurations
 + Level 10.0 Fire Magic


You had 17 spell levels left.
You knew the following spells:

 Your Spells              Type           Power      Damage    Failure   Level
a - Foxfire               Conj/Fire      100%       2x1d9     1%          1
b - Scorch                Fire           94%        2d8       1%          2
c - Inner Flame           Hex/Fire       28%        N/A       2%          3
d - Flame Wave            Conj/Fire      48%        2d12      1%          4

Your spell library contained the following spells:

 Spells                   Type           Power      Damage    Failure   Level
 Volatile Blastmotes      Fire/Tloc      56%        2d14      2%          3


Dungeon Overview and Level Annotations

Branches:
Dungeon (1/1)

Altars:
Cheibriados
Dithmenos
Elyvilon
Fedhas
Gozag
Hepliaklqana
Kikubaaqudgha
Makhleb
Nemelex Xobeh
Okawaru
Qazlal
Ru
Sif Muna
Trog
Uskayaw
Vehumet
Wu Jian
Xom
Yredelemnul
Zin
The Shining One
Jiyva
Lugonu

Annotations:
D exclusion: ice statue


Innate Abilities, Weirdness & Mutations

You cannot wear most types of armour.
You are amphibious.
You can wear up to eight rings at the same time.
Your skin changes colour to match your surroundings (Stealth+).
Your rubbery body absorbs attacks. (AC +1, EV +1)
You are camouflaged when in or above water. (Stealth+)
You have tentacles for arms and can constrict up to eight enemies at once.


Message History

The hornet's fire resistance burns away.
The foxfire hits the hornet but does no damage.
The hornet is moderately wounded.
The hornet is engulfed in blazing flames.
Flame seeps out of the hornet.
The yaktaur is engulfed in a cloud of scalding steam.
Tentacles burst out of the water! 2 tentacles come into view.
Unknown command.
Unknown command.
Your foxfire dissipates!
The hornet attacks as it pursues you! The hornet closely misses you.
You see here a crocodile skeleton.
Unknown command.
The tentacle slaps you!
The yaktaur is engulfed in blazing flames.
A tentacle segment bursts forth from the water.
There is an open door, spattered with blood here.
Unknown command.
Unknown command.
Unknown command.
You enter the shallow water.
The hornet completely misses you.
Unknown command.
Unknown command.
Unknown command.
Casting: Scorch (safe; 1% risk of failure)
Confirm with . or Enter, or press ? or * to list all spells.
You conjure some foxfire!
The hornet is no longer more vulnerable to fire.
The hornet stings you but does no damage.
Unknown command.
The foxfire hits the hornet.
Flame seeps out of the hornet.
The hornet is almost dead.
The foxfire hits the hornet but does no damage.
The hornet is almost dead.
The hornet attacks as it pursues you! The hornet stings you.
* * * LOW HITPOINT WARNING * * *
You feel yourself slow down. The hornet misses you.
The hornet attacks as it pursues you! The hornet stings you!
You die...

# +..# #▓)[[)[?[[▓▓ # #..#
#▓):?$$!?!▓▓
####..##.#▓?[(!$|?)▓▓
..###...##▓▓▓▓▓▓▓+▓▓▓▓+
.§§.~~~~~~~~~~c~~w──≈≈≈
....§#'########§###w≈w
~~..~#_._._...#§§§##
§~§.~#._._._.l#§y§≈####▓▓
~§§~~#_._._._.#§@§§≈##..#
≈≈~~§#._._._._#§§§§§§#..#
≈≈§§~#.._._._.#§§§~§§§..+
###§≈#..._._._#§~~§≈§#..#
# #≈≈#...._._.#§†≈§§§▓..#
#+#§≈#....._..#~≈≈≈▓▓▓▓▓▓▓
§≈≈≈≈##########~§≈≈▓zzz≈≈≈
######~~~~~~~~§§≈≈≈▓zzz≈≈≈
≈≈°###~########≈▓▓▓▓▓▓▓▓▓≈


You could see a yaktaur, a hornet (inner flame) and a crocodile.

Vanquished Creatures
  2 deep trolls (D)
  Menkaure (D)
  3 crocodiles (D)
  4 scorpions (D)
10 creatures vanquished.

Vanquished Creatures (others)
  30 foxfires (D)
  12 tentacles (D)
42 creatures vanquished.

Grand Total: 52 creatures vanquished

Notes
Turn   | Place    | Note
-------+----------+-------------------------------------------
     0 | D        | Conn the Octopode Fire Elementalist began the quest for the
                  | Orb.
     0 | D        | Reached XP level 1. HP: 11/11 MP: 3/3
     2 | D        | Noticed a wyvern
     2 | D        | Noticed a wyvern
     6 | D        | Noticed a neqoxec
    13 | D        | Noticed a scorpion
    13 | D        | Noticed a scorpion
    13 | D        | Noticed a scorpion
    13 | D        | Noticed a scorpion
    20 | D        | Killed a scorpion
    21 | D        | Reached XP level 2. HP: 17/17 MP: 0/6
    21 | D        | Reached XP level 3. HP: 21/21 MP: 0/8
    21 | D        | Reached XP level 4. HP: 27/27 MP: 0/9
    28 | D        | Killed a scorpion
    29 | D        | Reached skill level 1 in Unarmed Combat
    29 | D        | Reached XP level 5. HP: 31/31 MP: 0/11
    41 | D        | Reached skill level 5 in Spellcasting
    46 | D        | Reached skill level 5 in Dodging
    46 | D        | Reached XP level 6. HP: 16/36 MP: 9/14
    54 | D        | Noticed a laughing skull
    56 | D        | Noticed a laughing skull
    56 | D        | Noticed a laughing skull
    63 | D        | Found an iron altar of Okawaru.
    63 | D        | Found an opulent altar of Gozag.
    64 | D        | Found a sparkling altar of Nemelex Xobeh.
    64 | D        | Found a blossoming altar of Fedhas.
    65 | D        | Found a radiant altar of Vehumet.
    65 | D        | Found a burning altar of Makhleb.
    65 | D        | Found a white marble altar of Elyvilon.
    66 | D        | Found a hide-covered altar of Uskayaw.
    66 | D        | Found a corrupted altar of Lugonu.
    66 | D        | Found a shadowy altar of Dithmenos.
    67 | D        | Found a glowing silver altar of Zin.
    67 | D        | Found a bloodstained altar of Trog.
    67 | D        | Found an ancient bone altar of Kikubaaqudgha.
    67 | D        | Noticed Menkaure
    68 | D        | Found a basalt altar of Yredelemnul.
    68 | D        | Found a shimmering blue altar of Sif Muna.
    68 | D        | Found a viscous altar of Jiyva.
    69 | D        | Found a shimmering altar of Xom.
    69 | D        | Found a sacrificial altar of Ru.
    70 | D        | Found a glowing golden altar of the Shining One.
    70 | D        | Found an ornate altar of the Wu Jian Council.
    70 | D        | Found a stormy altar of Qazlal.
    70 | D        | Found a snail-covered altar of Cheibriados.
    70 | D        | Found a hazy altar of Hepliaklqana.
    73 | D        | Killed Menkaure
    74 | D        | Reached skill level 5 in Conjurations
    80 | D        | Became a worshipper of Sif Muna the Loreminder
    84 | D        | Learned a level 2 spell: Scorch
    88 | D        | Learned a level 3 spell: Inner Flame
    93 | D        | Learned a level 4 spell: Flame Wave
   105 | D        | Noticed a kraken
   112 | D        | Reached XP level 7. HP: 40/41 MP: 9/17
   116 | D        | Noticed a polar bear
   118 | D        | Noticed a hornet
   125 | D        | Reached * piety under Sif Muna
   185 | D        | Noticed a deep troll
   185 | D        | Noticed a deep troll
   193 | D        | Killed a deep troll
   194 | D        | Reached XP level 8. HP: 46/46 MP: 6/21
   290 | D        | Killed a deep troll
   291 | D        | Reached skill level 10 in Spellcasting
   291 | D        | Reached skill level 10 in Conjurations
   291 | D        | Reached skill level 10 in Fire Magic
   333 | D        | Noticed an ice statue
   357 | D        | Noticed a yaktaur
   368 | D        | Slain by a hornet

Illustrated notes

Levels and vault maps discovered:
D:        the_violet_keep_of_menkaure [sprint2_stairs_cluster_1,
          sprint2_shoproom, sprint2_temple, sprint2_basic_supplies,
          sprint2_obstacle_1, sprint2_obstacle_2, sprint2_obstacle_4,
          sprint2_obstacle_7, sprint2_obstacle_5, sprint2_timed_cluster_1,
          sprint2_smallroom_cluster_1, sprint2_smallroom_final_cluster_1,
          sprint2_transparent_cluster_1, sprint2_second_timed_cluster_1,
          sprint2_sniper_area_1, sprint2_heavy_combat_area_1,
          sprint2_mutation_trap_area_1, sprint2_forest_area_1,
          sprint2_light_combat_area_1, sprint2_behind_water_1,
          sprint2_near_end_vault_1]

Skill      XL: |  1  2  3  4  5  6  7  8 |
---------------+-------------------------+-----
Dodging        | 3 4 5 6 7 8 |  8.0
Stealth        | 4 |  4.8
Spellcasting   | 3 4 5 7 9 10 | 10.2
Fire Magic     | 6 7 8 9 10 | 10.0
Unarmed Combat | 1 |  1.2
Conjurations   | 4 6 9 10 | 10.2

Action                     |  1- 3 |  4- 6 |  7- 9 || total
---------------------------+-------+-------+-------++-------
  Melee: Unarmed           |     2 |    16 |       ||    18
         Tentacles         |     1 |     6 |       ||     7
         Constrict         |     1 |     3 |       ||     4
   Cast: Foxfire           |     2 |     5 |    12 ||    19
         Flame Wave        |       |     1 |       ||     1
         Scorch            |       |       |    11 ||    11
         Inner Flame       |       |       |     4 ||     4
    Use: Potion            |     2 |     3 |       ||     5
 Armour: Skin              |     1 |    10 |     8 ||    19
  Dodge: Dodged            |     1 |    15 |     4 ||    20

Table legend: (Time is in decaauts)
 A = Elapsed time spent in this place.
 B = Non-inter-level travel time spent in this place.
 C = Inter-level travel time spent in this place.
 D = Time resting spent in this place.
 E = Time spent auto-exploring this place.
 F = Levels seen in this place.
 G = Mean time per level.
                   A        B        C        D        E       F      G
               +--------+--------+--------+--------+--------+-----+--------+
         Total |    365 |    365 |      0 |     47 |      0 |   1 |  365.0 |
       Dungeon |    365 |    365 |      0 |     47 |      0 |   1 |  365.0 |
               +--------+--------+--------+--------+--------+-----+--------+

Top non-repeatable levels by time:
       D: 365 daAuts
